 Dungeon Crawl Stone Soup version 0.28-a0-843-gb979743d38 (webtiles) character file.

Game seed: 3095006867510645459

4991 Iepvzaeh the Cleaver (level 10, -2/91 HPs)
             Began as a Minotaur Fighter on Nov 12, 2021.
             Was a Believer of Okawaru.
             Slain by a yak (3 damage)
             ... on level 8 of the Dungeon.
             The game lasted 00:18:26 (8624 turns).

Iepvzaeh the Cleaver (Minotaur Fighter)             Turns: 8624, Time: 00:18:26

Health: -2/91      AC: 14    Str: 23    XL:     10   Next: 29%
Magic:  9/9        EV:  8    Int:  5    God:    Okawaru [**....]
Gold:   398        SH:  0    Dex: 11    Spells: 9/9 levels left

rFire   . . .      SeeInvis .   a - +0 war axe
rCold   . . .      Faith    .   (no shield)
rNeg    . . .      Spirit   .   k - +0 plate armour
rPois   .          Reflect  .   (helmet restricted)
rElec   .          Harm     .   (no cloak)
rCorr   .          Rampage  .   B - +0 pair of gloves
Will    .....                   (no boots)
Stlth   ..........              (no amulet)
HPRegen 0.25/turn               (no ring)
MPRegen 0.11/turn               (no ring)

@: no status effects
A: horns 2, retaliatory headbutt
a: Renounce Religion, Heroism


You were on level 8 of the Dungeon.
You worshipped Okawaru.
Okawaru was pleased with you.
You visited 2 branches of the dungeon, and saw 9 of its levels.
You also visited: Sewer.

You collected 398 gold pieces.

Inventory:

Hand Weapons
 a - a +0 war axe (weapon)
 b - a +0 shortbow
Missiles
 g - 86 bolts
 i - 23 poisoned darts
 l - 44 arrows
 I - 9 boomerangs of dispersal (quivered)
Armour
 c - a +0 buckler
 d - a +0 cloak of poison resistance
 k - a +0 plate armour (worn)
 n - a +2 cloak
 w - a +0 troll leather armour
 y - a +0 scale mail
 B - a +0 pair of gloves (worn)
Jewellery
 E - a ring of resist corrosion
Wands
 C - a wand of digging (6)
 G - a wand of paralysis (8)
Scrolls
 e - a scroll of fear {unknown}
 f - 3 scrolls of vulnerability {unknown}
 j - a scroll of amnesia {unknown}
 m - 4 scrolls of identify {unknown}
 u - 2 scrolls of teleportation {unknown}
 x - a scroll of summoning {unknown}
 D - a scroll of blinking {unknown}
Potions
 h - 4 potions of curing {unknown}
 o - a potion of cancellation {unknown}
 p - 6 potions of flight {unknown}
 q - 2 potions of attraction {unknown}
 r - a potion of brilliance {unknown}
 s - 2 potions of heal wounds {unknown}
 t - a potion of invisibility {unknown}
 v - 2 potions of ambrosia {unknown}
 z - a potion of berserk rage {unknown}
 A - a potion of haste {unknown}
 F - a potion of resistance {unknown}
 H - a potion of mutation {unknown}
 J - a potion of lignification {unknown}


   Skills:
 * Level 9.6 Fighting
 + Level 11.1 Axes
 + Level 6.1 Throwing
 + Level 7.5 Armour
 + Level 3.0 Dodging
 + Level 1.0 Stealth
 + Level 5.8 Shields


You had 9 spell levels left.
You didn't know any spells.
Your spell library contained the following spells:

 Spells                   Type           Power      Damage    Failure   Level
 Pain                     Necr           0%         1d4       100%        1
 Shock                    Conj/Air       0%         1d3       100%        1
 Poisonous Vapours        Pois/Air       0%         N/A       100%        2
 Sublimation of Blood     Necr           0%         N/A       100%        2
 Wereblood                Tmut           0%         N/A       100%        2
 Vampiric Draining        Necr           0%         2d6       100%        3
 Storm Form               Tmut/Air       0%         N/A       100%        7
 Chain Lightning          Conj/Air       0%         N/A       100%        9
 Animate Skeleton         Necr           Unusable   N/A       N/A         1
 Summon Hydra             Summ           Unusable   N/A       N/A         7

Dungeon Overview and Level Annotations

Branches:
Dungeon (8/15)             Temple (1/1) D:6           Sewer (visited)
   Lair: D:8-11

Altars:
Ashenzari
Cheibriados
Fedhas
Gozag
Makhleb
Nemelex Xobeh
Okawaru
Trog
Vehumet
Wu Jian

Shops:
D:1 *

Annotations:
D:4 1 runed translucent door, hemabe71's ghost, amateur HuAr
D:8 Grum


Innate Abilities, Weirdness & Mutations

You have a pair of horns on your head.
You reflexively headbutt those who attack you in melee.


Message History

You slash the yak!
The yak is moderately wounded.
The yak gores you but does no damage.
You hit the yak.
The yak is moderately wounded.
The yak gores you but does no damage.
You hit the yak but do no damage.
The yak is moderately wounded.
The wolf bites you!
* * * LOW HITPOINT WARNING * * *
The yak gores you!
* * * LOW HITPOINT WARNING * * *
You closely miss the yak. You headbutt the yak!
The yak is heavily wounded.
Your plate armour prevents you from hitting the wolf.
The wolf bites you.
* * * LOW HITPOINT WARNING * * *
The yak barely misses you.
Unknown command.
Okay, then.
Okay, then.
Throw: 10 boomerangs (disperse)
Press: ? - help, Q - select action, (/) - cycle Shift-Dir - straight line, f - yak
Aim: a yak (heavily wounded, 74% to hit)
You throw a boomerang of dispersal.
The boomerang of dispersal hits the yak.
The yak blinks!
The yak is heavily wounded.
The wolf bites you.
* * * LOW HITPOINT WARNING * * *
The wolf bites you.
* * * LOW HITPOINT WARNING * * *
Grum stares intently and barks.
The wolf closely misses you. You furiously retaliate!
You headbutt the wolf. The wolf bites you.
* * * LOW HITPOINT WARNING * * *
Grum barks.
The yak gores you but does no damage. The wolf closely misses you.
The yak gores you.
You die...

#.....................##.....≈≈≈
#.###.....#####.#h............≈≈
#.# #.##### #.#g###..........≈
#.###.# #h#.# ####.#......
#.....# #g#h# #†#######
###############.#l######.#
#..........#h...hhl.#
#........lh##########
####........Y@# #####
#.............####...#
#.##.................####
#.##..........####......#
#.##...........########.#
#.##............# #.#
#..............## #.#
#.###..#.####.## #.# #.###..#.#
#.# #.#####


You could see Grum, a yak, a wyvern and 2 wolves.

Vanquished Creatures
  Pikel (D:5)
  Prince Ribbit (D:8)
  A wraith (D:7)
  12 yaks
  A steam dragon (D:8)
  A water moccasin (D:7)
  An orc warrior (D:6)
  3 sky beasts
  An ice beast (D:6)
  An ogre (D:5)
  A wolf (D:8)
  A centaur (D:8)
  2 kobold brigands
  3 bullfrogs
  A scorpion (D:6)
  A wyvern skeleton (D:5)
  A water moccasin skeleton (D:4)
  3 howler monkeys
  2 centaur zombies (D:6)
  A bullfrog zombie (D:5)
  2 gnoll shamans
  A centaur skeleton (D:7)
  A hound (D:4)
  Crazy Yiuf (D:4)
  Jessica (D:2)
  6 iguanas
  Natasha (twice) (D:2)
  4 orc wizards
  A hound zombie (D:5)
  A hound skeleton (D:5)
  A mummy (D:7)
  8 gnolls
  A howler monkey skeleton (D:6)
  11 adders
  2 white imps
  An adder zombie (D:5)
  3 worms (D:3)
  3 dart slugs
  9 orcs
  5 bats
  17 endoplasms
  14 giant cockroaches
  6 hobgoblins
  7 jackals
  12 quokkas
  9 ball pythons
  13 frilled lizards
  7 goblins
  18 kobolds
  5 rats
211 creatures vanquished.

Notes
Turn   | Place    | Note
-------+----------+-------------------------------------------
     0 | D:1      | Iepvzaeh the Minotaur Fighter began the quest for the Orb.
     0 | D:1      | Reached XP level 1. HP: 19/19 MP: 0/0
    29 | D:1      | Found a faded altar of an unknown god.
   503 | D:1      | Reached XP level 2. HP: 27/27 MP: 1/1
   794 | D:1      | Found Honk's General Store.
  1136 | D:2      | Reached skill level 3 in Axes
  1136 | D:2      | Reached XP level 3. HP: 33/33 MP: 2/2
  1268 | D:2      | Noticed Natasha
  1277 | D:2      | Killed Natasha
  1278 | D:2      | Reached XP level 4. HP: 34/40 MP: 3/3
  1408 | D:2      | Reached skill level 4 in Axes
  1597 | D:2      | Noticed Natasha
  1611 | D:2      | Killed Natasha
  1677 | D:2      | Reached skill level 1 in Throwing
  1827 | D:2      | Noticed Jessica
  1832 | D:2      | Killed Jessica
  1833 | D:2      | Reached XP level 5. HP: 47/47 MP: 4/4
  2073 | D:3      | Found a glowing drain.
  2095 | Sewer    | Entered a sewer
  2576 | Sewer    | Reached skill level 5 in Fighting
  2576 | Sewer    | Reached skill level 5 in Axes
  2576 | Sewer    | Reached XP level 6. HP: 50/56 MP: 5/5
  2872 | D:3      | Reached skill level 1 in Dodging
  3542 | D:4      | Found a broken altar of Ashenzari.
  3676 | D:4      | Found a runed translucent door.
  3676 | D:4      | Noticed hemabe71's ghost (amateur HuAr)
  3890 | D:4      | Noticed Pikel
  3898 | D:5      | Entered Level 5 of the Dungeon
  3904 | D:5      | Reached XP level 7. HP: 60/62 MP: 6/6
  3919 | D:5      | Killed Pikel
  3920 | D:5      | Reached skill level 7 in Axes
  3997 | D:4      | Reached XP level 8. HP: 70/71 MP: 7/7
  4174 | D:4      | Found a runed translucent door.
  4175 | D:4      | Noticed Crazy Yiuf
  4413 | D:4      | Killed Crazy Yiuf
  4476 | D:5      | Reached skill level 5 in Armour
  4493 | D:5      | Reached skill level 1 in Stealth
  4504 | D:4      | Reached skill level 8 in Axes
  4985 | D:5      | Reached skill level 9 in Axes
  4985 | D:5      | Reached XP level 9. HP: 62/80 MP: 8/8
  5441 | D:6      | Reached skill level 5 in Shields
  5656 | D:6      | Found a staircase to the Ecumenical Temple.
  5679 | Temple   | Entered the Ecumenical Temple
  5710 | Temple   | Became a worshipper of Warmaster Okawaru
  5957 | D:7      | Reached skill level 5 in Throwing
  6142 | D:7      | Got Tatar's Incunabulum of Feathers
  6631 | D:7      | Reached skill level 10 in Axes
  7549 | D:8      | Reached * piety under Okawaru
  7613 | D:8      | Noticed Prince Ribbit
  7634 | D:8      | Killed Prince Ribbit
  7823 | D:8      | Reached XP level 10. HP: 79/90 MP: 9/9
  8096 | D:7      | Reached ** piety under Okawaru
  8161 | D:8      | Reached skill level 11 in Axes
  8559 | D:8      | Noticed Grum
  8623 | D:8      | HP: 1/91 [wolf[Grum] (5)]
  8624 | D:8      | Slain by a yak

Illustrated notes

Levels and vault maps discovered:
D:1:      saegor_arrival_simple_d, layout_loops_ring,
          dreamdust_ecumenical_altar_statues, serial_shops,
          nicolae_shop_temple_entry_statues_fountains, patterned_corridor
D:2:      layout_loops_ring, kennysheep_jessica_study, uniq_natasha
D:3:      layout_loops_corners, cheibrodos_sewer_entry_bend,
          minmay_misc_feat_rugged
D:4:      layout_cave_pods, mainiacjoe_overflow_boulevard,
          hellmonk_ghost_happy_afterlife, uniq_pikel, uniq_crazy_yiuf_cottage
D:5:      layout_basic
D:6:      layout_rooms, minmay_temple_entry_statues,
          kennysheep_decorative_pillar
D:7:      layout_basic, gup_ossuary_entry_pyramid, minmay_liquid_box,
          minmay_unpleasant_kobolds
D:8:      argonaut_augean_stables, layout_loops_corners, uniq_grum,
          uniq_prince_ribbit1
Temple:   regret_index_temple_chain_breaker

Skill      XL: |  1  2  3  4  5  6  7  8  9 10 |
---------------+-------------------------------+-----
Armour         | 4 5 7 |  7.5
Fighting       | 4 5 6 7 8 9 |  9.6
Axes           | 3 4 5 7 9 10 11 | 11.1
Throwing       | 1 2 3 4 5 6 |  6.1
Shields        | 4 5 |  5.8
Dodging        | 1 2 3 |  3.0
Stealth        | 1 |  1.0

Action                   |  1- 3 |  4- 6 |  7- 9 | 10-12 || total
-------------------------+-------+-------+-------+-------++-------
Melee: War axe           |    57 |   174 |   218 |    43 ||   492
       Headbutt          |     6 |    20 |    58 |    11 ||    95
Throw: Dart              |    14 |    55 |    21 |       ||    90
       Boomerang         |       |    21 |    84 |     1 ||   106
Invok: Heroism           |       |       |       |     1 ||     1
  Use: Potion            |       |       |     1 |       ||     1
Armor: Scale mail        |    15 |       |       |       ||    15
       Plate armour      |    19 |    24 |   102 |    43 ||   188
       Troll leather arm |       |    36 |     9 |       ||    45
Dodge: Dodged            |    24 |    85 |    90 |    33 ||   232
Block: Buckler           |    20 |    36 |    45 |       ||   101

Table legend: (Time is in decaauts)
 A = Elapsed time spent in this place.
 B = Non-inter-level travel time spent in this place.
 C = Inter-level travel time spent in this place.
 D = Time resting spent in this place.
 E = Time spent auto-exploring this place.
 F = Levels seen in this place.
 G = Mean time per level.
                   A        B        C        D        E       F      G
               +--------+--------+--------+--------+--------+-----+--------+
         Total |   8812 |   8538 |    274 |    787 |   5951 |  10 |  881.2 |
       Dungeon |   8090 |   7830 |    260 |    717 |   5730 |   8 | 1011.2 |
        Temple |     48 |     34 |     14 |      0 |     21 |   1 |   48.0 |
         Sewer |    673 |    673 |      0 |     70 |    200 |   1 |  673.0 |
               +--------+--------+--------+--------+--------+-----+--------+

Top non-repeatable levels by time:
     D:7: 1984 daAuts
     D:4: 1129 daAuts
     D:1: 1039 daAuts
     D:2: 1008 daAuts
     D:8: 909 daAuts
     D:3: 865 daAuts
     D:5: 705 daAuts
   Sewer: 673 daAuts
     D:6: 448 daAuts
  Temple: 48 daAuts
